 Dungeon Crawl Stone Soup version 0.29-a0-1006-g0dd7720b37 (webtiles) character file.

Game seed: 7609254877911250728

18 vurker the Sneak (level 2, 0/14 HPs)
             Began as a Vine Stalker Enchanter on Aug 6, 2022.
             Slain by Natasha (4 damage)
             ... on level 2 of the Dungeon.
             The game lasted 00:00:36 (654 turns).

vurker the Sneak (Vine Stalker Enchanter)            Turns: 654, Time: 00:00:37

Health: 0/14       AC:  2    Str: 10    XL:     2   Next: 66%
Magic:  0/6        EV: 12    Int: 15    God:
Gold:   101        SH:  0    Dex: 14    Spells: 5/5 levels left

rFire   . . .      SeeInvis .   a - +1 dagger
rCold   . . .      Faith    .   (no shield)
rNeg    . . .      Spirit   +   b - +0 robe
rPois   .          Reflect  .   (no helmet)
rElec   .          Harm     .   (no cloak)
rCorr   .          Rampage  .   (no gloves)
Will    .....                   (no boots)
Stlth   ++........              (no amulet)
HPRegen 0.04/turn               (no ring)
MPRegen 0.10/turn               (no ring)

@: no status effects
A: fangs 2, magic shield, antimagic bite, no potion heal 2
a: no special abilities


You were on level 2 of the Dungeon.
You visited 1 branch of the dungeon, and saw 2 of its levels.

You collected 101 gold pieces.

Inventory:

Hand Weapons
 a - a +1 dagger (weapon)
Armour
 b - a +0 robe (worn)
Scrolls
 d - a scroll of torment {unknown}
 e - a scroll of noise {unknown}
Potions
 c - 2 potions of invisibility
 f - a potion of resistance {unknown}


   Skills:
 + Level 1.0 Fighting
 * Level 2.0 Short Blades
 - Level 1.5 Dodging
 - Level 3.6 Stealth
 - Level 2.1 Spellcasting
 - Level 3.0 Hexes


You had 5 spell levels left.
You didn't know any spells.
Your spell library contained the following spells:

 Spells                   Type           Power      Damage    Failure   Level
 Ensorcelled Hibernation  Hex/Ice        12%        N/A       19%         2
 Confusing Touch          Hex            10%        N/A       19%         3
 Tukima's Dance           Hex            10%        N/A       19%         3
 Dazzling Flash           Conj/Hex       12%        N/A       34%         3


Dungeon Overview and Level Annotations

Branches:
Dungeon (2/15)

Altars:

Annotations:
D:2 Natasha


Innate Abilities, Weirdness & Mutations

You have extremely sharp teeth.
When hurt, damage is shared between your health and your magic reserves.
Your bite disrupts and absorbs the magic of your enemies.
Potions cannot restore your health.


Message History

There is a stone staircase leading up here.
A quokka comes into view.
A quokka is nearby!
A quokka is nearby!
A hobgoblin comes into view.
A bat comes into view.
The bat moves out of view.
Found a stone staircase leading down.
The quokka barely misses you.
You barely miss the quokka.
The hobgoblin shouts!
The quokka bites you but does no damage.
You hit the quokka. Your bite misses the quokka. The quokka bites you. x2
You hit the quokka but do no damage. You bite the quokka, but do no damage.
The bat hits you. The bat closely misses you. The quokka bites you.
* * * LOW HITPOINT WARNING * * *
The bat misses you. The bat attacks as you move away! The bat misses you.
The bat hits you. The bat hits you but does no damage.
The bat attacks as you move away! The bat misses you. x2
Natasha, Servant of Life and Death comes into view.
The bat closely misses you.
Natasha hisses angrily.
You hit the bat. The bat closely misses you.
You closely miss the bat. You bite the bat.
You kill the bat!
You barely miss the hobgoblin. Your bite misses the hobgoblin.
The hobgoblin hits you.
* * * LOW HITPOINT WARNING * * *
You hit the hobgoblin. Your bite misses the hobgoblin.
Natasha casts a spell.
The hobgoblin barely misses you.
You closely miss the hobgoblin. You bite the hobgoblin.
You kill the hobgoblin!
You hit the quokka but do no damage. Your bite misses the quokka.
The quokka bites you but does no damage.
You hit the quokka.
You kill the quokka!
Your Fighting skill increases to level 1!
Your Short Blades skill increases to level 2!
You hit Natasha. You bite Natasha.
Natasha's magic leaks into the air.
You drain her magic.
You feel invigorated. Natasha claws you.
* * * LOW HITPOINT WARNING * * *
You hit Natasha but do no damage. You bite Natasha, but do no damage.
Natasha barely misses you.
You hit Natasha.
Natasha's magic is no longer disrupted.
Natasha closely misses you.
You closely miss Natasha. Your bite misses Natasha. You hit Natasha.
Natasha claws you.
You die...

#.... #.#.# #.#.#
#.#.# #.#.#
.###########.#.###
.......<.........#
############.###.#
# #.# #@#.# #.#
#h#.##.# #.#
#5.....# #.#
#.###..# #.#...# #
#.#>#.# ...... ###
... ..##.


You could see Natasha and a shadow imp (summoned).

Vanquished Creatures
  2 dart slugs (D:1)
  3 ball pythons (D:1)
  2 endoplasms (D:1)
  A giant cockroach (D:1)
  2 hobgoblins
  A quokka (D:2)
  A bat (D:2)
12 creatures vanquished.

Notes
Turn   | Place    | Note
-------+----------+-------------------------------------------
     0 | D:1      | vurker the Vine Stalker Enchanter began the quest for the
                  | Orb.
     0 | D:1      | Reached XP level 1. HP: 9/9 MP: 4/4
    25 | D:1      | Reached skill level 1 in Short Blades
   189 | D:1      | Reached XP level 2. HP: 11/14 MP: 6/6
   339 | D:1      | Found a faded altar of an unknown god.
   642 | D:2      | Noticed Natasha
   650 | D:2      | Reached skill level 1 in Fighting
   654 | D:2      | Slain by Natasha

Illustrated notes

Levels and vault maps discovered:
D:1:      doesnt_arrival_eight_statues, layout_loops_ring,
          ebering_ecumenical_altar_rust
D:2:      layout_loops_ring, uniq_terence, uniq_natasha

Skill      XL: |  1  2 |
---------------+-------+-----
Short Blades   | 1 2 |  2.0
Fighting       | 1 |  1.0
Dodging        | |  1.5
Stealth        | |  3.6
Spellcasting   | |  2.1
Hexes          | |  3.0

Action                   || total
-------------------------++-------
Melee: Dagger            ||    35
       Bite              ||    11
 Stab: Sleeping          ||     4
Armor: Robe              ||     7
Dodge: Dodged            ||    21

Table legend: (Time is in decaauts)
 A = Elapsed time spent in this place.
 B = Non-inter-level travel time spent in this place.
 C = Inter-level travel time spent in this place.
 D = Time resting spent in this place.
 E = Time spent auto-exploring this place.
 F = Levels seen in this place.
 G = Mean time per level.
                   A        B        C        D        E       F      G
               +--------+--------+--------+--------+--------+-----+--------+
         Total |    650 |    633 |     17 |      0 |    518 |   2 |  325.0 |
       Dungeon |    650 |    633 |     17 |      0 |    518 |   2 |  325.0 |
               +--------+--------+--------+--------+--------+-----+--------+

Top non-repeatable levels by time:
     D:1: 620 daAuts
     D:2: 30 daAuts
